 Dungeon Crawl Stone Soup version 0.19-a0-706-g03de5d9 (webtiles) character file.

154 Gorice the Magician (level 5, -11/29 HPs)
             Began as a Deep Elf Ice Elementalist on June 19, 2016.
             Mangled by a crocodile (16 damage)
             ... in a sewer.
             The game lasted 00:14:01 (2729 turns).

Gorice the Magician (Deep Elf Ice Elementalist)     Turns: 2729, Time: 00:14:02

Health: -11/29     AC:  4    Str:  5    XL:     5   Next: 13%
Magic:  5/13       EV: 13    Int: 21    God:
Gold:   109        SH:  0    Dex: 15    Spells: 3 memorised, 7 levels left

rFire  . . .     SeeInvis .     b - +1 hunting sling
rCold  . . .     Gourm    .     w - +0 robe
rNeg   . . .     Faith    .     (no shield)
rPois  .         Spirit   .     k - +1 helmet
rElec  .         Dismiss  .     (no cloak)
rCorr  .         Reflect  .     (no gloves)
SustAt .         Harm     .     (no boots)
MR     .....                    (no amulet)
Stlth  ++........               (no ring)
                                (no ring)

@: not resistant to hostile enchantments, unstealthy
A: no striking features
a: no special abilities


You were in a sewer.
You were hungry.

You visited 1 branch of the dungeon, and saw 3 of its levels.
You also visited: Sewer.

You collected 109 gold pieces.

Inventory:

Hand Weapons
 a - a +1 dagger of freezing
   (You found it on level 3 of the Dungeon)
 b - a +1 hunting sling (weapon)
 j - a +0 falchion
 o - a +0 battleaxe
Missiles
 p - 13 tomahawks
 Z - 117 stones (quivered)
Armour
 k - a +1 helmet (worn)
 w - a +0 robe (worn)
Scrolls
 d - a scroll of recharging
 i - 2 scrolls of enchant weapon
Potions
 g - a potion of agility {unknown}
 h - 3 potions of curing
 m - 2 potions of lignification {unknown}
Books
 e - a book of Frost
Comestibles
 c - a bread ration {!e}
 f - 5 fruits
 l - 7 chunks of flesh
 n - a meat ration {!e}


   Skills:
 + Level 1.6 Fighting
 - Level 2.4 Dodging
 - Level 2.4 Stealth
 + Level 4.6 Spellcasting
 * Level 2.5 Conjurations
 + Level 4.3 Ice Magic


You had 7 spell levels left.
You knew the following spells:

 Your Spells              Type           Power        Failure   Level  Hunger
a - Freeze                Ice            ###.         1%          1    None
b - Throw Frost           Conj/Ice       ###...       4%          2    #......
c - Ozocubu's Armour      Chrm/Ice       ##......     17%         3    ##.....


Dungeon Overview and Level Annotations

Branches:
Dungeon (3/15)

Altars:
Gozag
Nemelex Xobeh

Annotations:
Sewer Amnesiac's ghost, amateur DEWz


Message History

You see here 12 gold pieces.
Unknown command.
You feel better.
You are engulfed in noxious fumes.
Amnesiac's ghost casts a spell.
Amnesiac's ghost blinks!
Unknown command.
Firing (i - inventory. (,) - cycle):
Z - 119 stones (quivered)
Press: ? - help, Shift-Dir - straight line, f - crocodile, p - Amnesiac's ghost
Aim: a crocodile (lightly wounded)
You shoot a stone. The stone hits the crocodile.
The crocodile is lightly wounded.
Firing (i - inventory. (,) - cycle):
Z - 118 stones (quivered)
Press: ? - help, Shift-Dir - straight line, f/p - crocodile
Aim: a crocodile (lightly wounded)
You shoot a stone.
The stone hits the crocodile but does no damage.
The crocodile is lightly wounded.
Casting: Freeze
Confirm with . or Enter, or press ? or * to list all spells.
Aiming: Freeze
Press: ? - help, Shift-Dir - straight line, f/p - crocodile
Aim: a crocodile (lightly wounded)
You freeze the crocodile.
The crocodile is moderately wounded.
The crocodile bites you!
Ouch! That really hurt!
* * * LOW HITPOINT WARNING * * *
Damage: 16 (max 16) Unknown command.
Casting: Freeze
Confirm with . or Enter, or press ? or * to list all spells.
Aiming: Freeze
Press: ? - help, Shift-Dir - straight line, f/p - crocodile
Aim: a crocodile (moderately wounded)
You freeze the crocodile.
The crocodile is severely wounded.
The crocodile bites you!
* * * LOW HITPOINT WARNING * * *
Damage: 7 (max 16) Unknown command.
Casting: Freeze
Confirm with . or Enter, or press ? or * to list all spells.
Aiming: Freeze
Press: ? - help, Shift-Dir - straight line, f/p - crocodile
Aim: a crocodile (severely wounded)
You freeze the crocodile.
The crocodile is almost dead.
The crocodile bites you!
Ouch! That really hurt!
You die...

####### ##.....##
#......(#
##########(......#
.................#
#####.####..(((W.#
#.# #....(t@# #.#
##.....## #.#
####### #.# #.#
##.## ##...##
##..(..##
#...≈...#


You could see a crocodile and Amnesiac's ghost.

Vanquished Creatures
  7 adders
  A gnoll (D:2)
  3 worms
  2 dart slugs (D:1)
  4 giant geckos
  3 orcs (D:3)
  2 ball pythons
  5 giant cockroaches
  6 goblins
  4 hobgoblins (D:2)
  5 kobolds
  13 bats
  2 giant newts
  7 rats
64 creatures vanquished.

Notes
Turn   | Place    | Note
--------------------------------------------------------------
     0 | D:1      | Gorice the Deep Elf Ice Elementalist began the quest for the Orb.
     0 | D:1      | Reached XP level 1. HP: 10/10 MP: 6/6
   254 | D:1      | Reached XP level 2. HP: 7/16 MP: 2/8
   259 | D:1      | HP: 4/16 [poisoned by an adder]
   267 | D:1      | HP: 3/16 [poisoned by an adder]
  1149 | D:1      | Reached XP level 3. HP: 15/20 MP: 7/10
  1385 | D:1      | Reached skill level 4 in Spellcasting
  1385 | D:1      | Reached skill level 4 in Ice Magic
  1594 | D:1      | Reached skill level 1 in Fighting
  1617 | D:1      | Learned a level 2 spell: Throw Frost
  1621 | D:1      | Learned a level 3 spell: Ozocubu's Armour
  1729 | D:2      | Found an opulent altar of Gozag.
  1816 | D:2      | Reached XP level 4. HP: 25/25 MP: 10/12
  1888 | D:2      | --vpUX: $14 behind glass
  1995 | D:2      | Reached skill level 2 in Conjurations
  2252 | D:2      | Found a sparkling altar of Nemelex Xobeh.
  2456 | D:2      | Reached XP level 5. HP: 26/29 MP: 11/13
  2512 | D:3      | Found a glowing drain.
  2580 | Sewer    | Entered a sewer
  2626 | Sewer    | Noticed Amnesiac's ghost (amateur DEWz)
  2628 | Sewer    | Noticed a crocodile
  2728 | Sewer    | HP: 5/29 [crocodile (7)]
  2729 | Sewer    | Mangled by a crocodile

Vault maps used:
D:1:      scummos_arrival_simple_fountains, roderic_roman_lattice
D:2:      marbit_many_paths, grunt_gozag_breadcrumbs, serial_glass,
          glass_columns_a, glass_columns_a, item_on_display_a
D:3:      portal_sewer_entry_b
Sewer:    sewer_big_baddie

Skill      XL: |  1  2  3  4 |
---------------+-------------+-----
Spellcasting   | 4 |  4.6
Ice Magic      | 4 |  4.3
Fighting       | 1 |  1.6
Conjurations   | 2 |  2.5
Dodging        | |  2.4
Stealth        | |  2.4

Action                   |  1- 3 |  4- 6 || total
-------------------------+-------+-------++-------
Melee: Unarmed           |     6 |       ||     6
       Dagger            |       |     9 ||     9
 Fire: Hunting sling     |     9 |    71 ||    80
Throw: Stone             |    34 |       ||    34
 Cast: Freeze            |    47 |    43 ||    90
       Throw Frost       |     2 |     8 ||    10
       Ozocubu's Armour  |       |     2 ||     2
  Use: Potion            |     2 |     1 ||     3
       Scroll            |     4 |     2 ||     6
 Stab: Sleeping          |     1 |       ||     1
  Eat: Chunk             |     2 |     3 ||     5
Armor: Robe              |     5 |    14 ||    19
Dodge: Dodged            |    25 |    34 ||    59

Table legend:
 A = Turns spent in this place as a percentage of turns spent in the entire game.
 B = Non-inter-level travel turns spent in this place as a percentage of non-inter-level travel turns spent in the entire game.
 C = Inter-level travel turns spent in this place as a percentage of turns spent in this place.
 D = Turns resting spent in this place as a percentage of non-inter-level travel turns spent in this place.
 E = Turns spent auto-exploring this place as a percentage of non-inter-level travel turns spent in this place.
 F = Non-inter-level travel turns spent in this place divided by the number of levels of this place that you've seen.
                   A       B       C       D       E      F
               +-------+-------+-------+-------+-------+----------------------
         Total | 100.0 | 100.0 |   0.3 |   1.2 |   3.7 | 280.8
       Dungeon |  86.0 |  85.9 |   0.3 |   1.3 |   4.4 | 321.7
         Sewer |  14.0 |  14.1 |   0.0 |   0.0 |   0.0 | 158.0
               +-------+-------+-------+-------+-------+----------------------

Vault maps used:
D:1:      scummos_arrival_simple_fountains, roderic_roman_lattice
D:2:      marbit_many_paths, grunt_gozag_breadcrumbs, serial_glass,
          glass_columns_a, glass_columns_a, item_on_display_a
D:3:      portal_sewer_entry_b
Sewer:    sewer_big_baddie
